 Dungeon Crawl Stone Soup version 0.31.0-32-g396128a36d (webtiles) character file.

Game seed: 3452345743969193780

143793 Curundu the Executioner (level 16, -14/162 HPs)
             Began as a Minotaur Berserker on Apr 15, 2024.
             Was the Champion of Trog.
             Demolished by a +2 triple sword of flaming (20 damage)
             ... on level 2 of the Elven Halls.
             The game lasted 01:23:25 (26402 turns).

Curundu the Executioner (Minotaur Berserker)       Turns: 26402, Time: 01:23:27

Health: -14/162    AC: 35    Str: 26    XL:     16   Next: 83%
Magic:  15/15      EV:  7    Int:  6    God:    Trog [******]
Gold:   1930       SH: 23    Dex: 14    Spells: 15/15 levels left

rFire   + . .        a - +10 war axe "Xidot" {heavy, ^Drain +Blink rPois Dex+2}
rCold   + . .        u - +3 kite shield
rNeg    . . .        y - +6 crystal plate armour
rPois   +            l - +2 hat of Courage {Rampage}
rElec   .            p - scarf of Sawuprul {rC+ rF+, Will++ Stlth+}
rCorr   +            x - +0 pair of gloves
SInv    +            G - +0 pair of boots
Will    +++..        t - amulet of reflection Stlth
                     m - ring of resist corrosion
HPRegen 0.47/turn    T - ring of see invisible
MPRegen 0.14/turn

%: reflection, rampage
@: about to teleport, on berserk cooldown, slowed, studying Fighting, very slow
A: horns 2, retaliatory headbutt
a: Renounce Religion, Evoke Blink, Berserk, Trog's Hand, Brothers in Arms


You were on level 2 of the Elven Halls.
You worshipped Trog.
Trog was exalted by your worship.
You visited 4 branches of the dungeon, and saw 24 of its levels.
You also visited: Bailey.

You collected 2170 gold pieces.
You spent 240 gold pieces at shops.

Inventory:

Hand Weapons
 a - the +10 war axe "Xidot" (weapon) {heavy, ^Drain +Blink rPois Dex+2}
   (You took it off an orc warrior in a bailey)

   Dex+2:     It affects your dexterity (+2).
   rPois:     It protects you from poison +Blink: It lets you blink.
   ^Drain:    It drains your maximum health when unequipped.
 o - a +3 broad axe of flaming
Missiles
 i - 2 throwing nets
 k - 2 silver javelins
 r - 12 boomerangs (quivered)
 H - 7 javelins
Armour
 l - the +2 hat of Courage (worn) {Rampage}
   (You acquired it on level 7 of the Dungeon)

   Rampage:   It bestows one free step when moving towards enemies.
 p - the scarf of Sawuprul (worn) {rC+ rF+, Will++ Stlth+}
   (You found it on level 3 of the Dungeon)

   Will++:    It greatly increases your willpower.
   Stlth+:    It makes you more stealthy.
 u - a +3 kite shield (worn)
 x - a +0 pair of gloves (worn)
 y - a +6 crystal plate armour (worn)
 G - a +0 pair of boots (worn)
Jewellery
 m - a ring of resist corrosion (left hand)
 t - an amulet of reflection (around neck)
 O - an amulet of guardian spirit
 P - a ring of magical power
 R - a +5 ring of evasion
 T - a ring of see invisible (right hand)
Wands
 w - a wand of paralysis (29)
 z - a wand of roots (19)
 B - a wand of polymorph (5)
 C - a wand of flame (59)
 D - a wand of mindburst (13)
Scrolls
 b - 14 scrolls of identify
 e - 13 scrolls of teleportation
 n - 3 scrolls of enchant weapon
 q - 8 scrolls of fog
 E - 4 scrolls of poison
 F - a scroll of butterflies
 I - a scroll of blinking
 J - a scroll of fear
 L - a scroll of revelation
 U - a scroll of vulnerability
Potions
 c - 9 potions of haste
 d - 3 potions of invisibility
 f - 8 potions of curing
 g - 4 potions of heal wounds
 h - 3 potions of berserk rage
 j - 4 potions of mutation
 s - 3 potions of resistance
 v - 4 potions of lignification
 A - 4 potions of might
 K - a potion of brilliance {unknown}
 Q - 3 potions of attraction
Miscellaneous
 M - a box of beasts
 N - a condenser vane
 S - a lightning rod (4/4)


   Skills:
 + Level 20.0 Fighting
 * Level 22.7 Axes
 + Level 0.3 Throwing
 + Level 15.2 Armour
 + Level 3.3 Dodging
 - Level 0.2 Stealth
 + Level 19.8 Shields


You had 15 spell levels left.
You didn't know any spells.
Your spell library was empty.

Dungeon Overview and Level Annotations

Branches:
Dungeon (15/15)            Temple (0/1) D:6            Lair (5/5) D:9
  Swamp (0/4) Lair:2        Snake (0/4) Lair:2        Slime (0/5) Lair:5
    Orc (2/2) D:11            Elf (2/3) Orc:2        Vaults (0/5) D:13
 Depths (0/4) D:15         Bailey (visited)

Altars:
Dithmenos
Elyvilon
Fedhas
Kikubaaqudgha
Makhleb
Okawaru
Sif Muna
Uskayaw
Yredelemnul
The Shining One
Jiyva
Lugonu

Shops:
D:1 :   Orc:2 :[(=*

Portals:
Abyss: Lair:5
Trove: D:10 (give 5 potions of resistance)


Innate Abilities, Weirdness & Mutations

You have a pair of horns on your head.
You reflexively headbutt those who attack you in melee.


Message History

Space warps around you.
* * * LOW HITPOINT WARNING * * *
You block the +2 mace of protection's attack.
You block the +2 triple sword of flaming's attack.
The +2 mace of distortion hits you but does no damage.
Space warps around you.
* * * LOW HITPOINT WARNING * * *
The +2 mace of protection hits you but does no damage.
The +2 triple sword of flaming hits you but does no damage.
The +5 heavy morningstar hits you!
* * * LOW HITPOINT WARNING * * *
The +2 mace of distortion hits you but does no damage.
Space warps horribly around you!
* * * LOW HITPOINT WARNING * * *
The +2 mace of protection hits you but does no damage.
A deep elf pyromancer comes into view. It is wielding a +0 long sword.
You feel much better.
You block the +3 glaive of venom's attack.
You block the +2 triple sword of flaming's attack.
The +2 mace of distortion hits you but does no damage.
The +2 mace of protection hits you!
* * * LOW HITPOINT WARNING * * *
You block the +5 heavy morningstar's attack.
The +3 glaive of venom hits you from afar.
* * * LOW HITPOINT WARNING * * *
The +2 triple sword of flaming hits you!
* * * LOW HITPOINT WARNING * * *
The +2 mace of distortion hits you.
* * * LOW HITPOINT WARNING * * *
Space warps horribly around you!
* * * LOW HITPOINT WARNING * * *
The +2 mace of protection hits you but does no damage.
As you read the scroll of teleportation, it crumbles to dust.
You feel strangely unstable.
You block the +2 mace of distortion's attack.
The +2 mace of protection hits you but does no damage.
You block the +5 heavy morningstar's attack.
You block the +3 glaive of venom's attack.
The +2 triple sword of flaming hits you!!
You die...

...#...#..........#...#.
..#.....#........#.....#
.#.......#))....#.......
#.........#.)..#........
...........#.)#.........
.e.........)##).........
........))..##..........
....(...)..#..#.........
#.....(@).#....#........
.#....(((#......#.......
..#..(..#........#.....#
...#...#..........#...#.
....### ...........###..
.... ........... #.. ...
........... #.. ..
..........#...#.
....#.....#


You could see a deep elf pyromancer and 6 dancing weapons.

Vanquished Creatures
  Jorgrun (Orc:1)
  A deep elf blademaster (Elf:2)
  A sphinx (D:15)
  Gastronok (Lair:3)
  An iron dragon (D:15)
  An orc warlord (Orc:2)
  A deep elf annihilator (Elf:2)
  A deep elf death mage (Elf:2)
  Azrael (Orc:2)
  An ettin (Orc:1)
  A yaktaur captain (D:15)
  An entropy weaver (shapeshifter) (D:13)
  8 vault guards (D:13)
  6 hydras
  A rakshasa (D:15)
  The ghost of jkubb29 the Black Sun, a journeyman DsNe of Kikubaaqudgha (D:12)
  5 centaur warriors
  An ogre mage (D:15)
  7 two-headed ogres
  19 dancing weapons
  A boulder beetle (Lair:4)
  6 death yaks (Lair:4)
  An occultist (D:15)
  2 orc high priests
  A tengu warrior (D:13)
  4 thrashing horrors (Lair:5)
  Urug (D:11)
  A skyshark (Lair:5)
  9 deep elf knights
  A necromancer (D:15)
  3 deep elf archers
  15 deep elf pyromancers
  17 deep elf zephyrmancers
  A large abomination (Lair:5)
  7 orc knights
  21 ugly things
  5 orc sorcerers
  2 oklob plants
  6 cyclopes
  4 manticores
  A salamander (Lair:2)
  A black mamba (shapeshifter) (Lair:5)
  3 meliai (D:13)
  9 elephants
  8 black mambas
  2 gargoyles (D:12)
  A torpor snail (Lair:2)
  Maggie (D:6)
  22 cane toads
  2 centaur skeletons (D:15)
  A rime drake (Lair:2)
  2 kobold demonologists
  An unseen horror (D:10)
  An efreet (D:13)
  9 komodo dragons
  A freezing wraith (D:11)
  A komodo dragon (shapeshifter) (Lair:5)
  A queen bee (shapeshifter) (Elf:1)
  7 trolls
  A tyrant leech (Lair:2)
  2 polar bears
  2 tarantellas (shapeshifter)
  A dream sheep (Lair:3)
  22 blink frogs
  A raiju (Lair:5)
  10 slime creatures (D:15)
  2 centaur simulacra (D:15)
  A spriggan (shapeshifter) (D:15)
  2 vampires
  3 wraiths
  A spriggan (Lair:5)
  A yak (shapeshifter) (Lair:5)
  5 basilisks
  10 small abominations (Lair:5)
  8 wyverns
  2 wargs (Orc:1)
  A water elemental (Elf:2)
  46 yaks
  6 fire elementals (Orc:2)
  3 neqoxecs (D:12)
  Grum (D:9)
  6 vampire mosquitoes
  2 chaos spawn (Lair:5)
  Menkaure (D:6)
  2 acid dragons
  2 nagas (Lair:2)
  A swamp worm (Lair:2)
  The ghost of Tripartite the Shooter, an amateur DEHs (D:6)
  Edmund (D:6)
  25 water moccasins
  2 hell hounds (Orc:2)
  33 orc warriors
  A hornet zombie (D:15)
  A sky beast (D:7)
  5 black bears
  10 ogres
  An ice beast (shapeshifter) (Lair:5)
  12 wolves
  12 centaurs
  Blork the orc (D:4)
  A phantom (D:7)
  A kobold brigand (D:11)
  10 bullfrogs
  A gnoll sergeant (D:9)
  3 earth elementals
  7 scorpions
  10 wights
  9 killer bees (D:9)
  10 electric eels
  4 howler monkeys
  A bombardier beetle (D:7)
  4 jellies
  4 quasits
  3 hounds
  12 orc priests
  2 gnoll boudas
  3 sleepcaps
  24 orc wizards
  3 iguanas
  18 gnolls
  9 adders
  3 white imps
  3 ufetubi (D:5)
  2 dart slugs
  A ribbon worm (D:3)
  64 orcs
  6 endoplasms
  4 giant cockroaches
  20 goblins
  14 hobgoblins
  3 jackals (D:2)
  5 quokkas
  5 ball pythons
  4 bats
  3 frilled lizards
  9 kobolds
  3 rats
780 creatures vanquished.

Vanquished Creatures (others)
  An occultist (D:15)
  A deep elf pyromancer (Elf:1)
2 creatures vanquished.

Grand Total: 782 creatures vanquished

Notes
Turn   | Place    | Note
-------+----------+-------------------------------------------
     0 | D:1      | Curundu the Minotaur Berserker began the quest for the Orb.
     0 | D:1      | Reached XP level 1. HP: 19/19 MP: 0/0
   286 | D:1      | Found Selotuul's Book Shop.
   297 | D:1      | Reached XP level 2. HP: 27/27 MP: 1/1
   670 | D:1      | Reached skill level 4 in Axes
   831 | D:1      | Reached ** piety under Trog
  1150 | D:2      | Reached XP level 3. HP: 34/34 MP: 2/2
  1709 | D:3      | Identified the scarf of Sawuprul {rC+ rF+, Will++ Stlth+}
  1963 | D:3      | Reached XP level 4. HP: 41/41 MP: 3/3
  2320 | D:4      | Reached *** piety under Trog
  2321 | D:4      | Reached skill level 5 in Axes
  2389 | D:4      | Noticed a scorpion
  2394 | D:4      | Killed a scorpion
  2395 | D:4      | Reached XP level 5. HP: 47/47 MP: 4/4
  2572 | D:4      | Reached skill level 6 in Axes
  2663 | D:4      | Reached XP level 6. HP: 41/55 MP: 5/5
  2769 | D:4      | Found a burning altar of Makhleb.
  2815 | D:4      | Reached skill level 5 in Fighting
  3230 | D:4      | Noticed Blork the orc
  3244 | D:4      | Killed Blork the orc
  3245 | D:4      | Reached skill level 7 in Axes
  3489 | D:5      | Entered Level 5 of the Dungeon
  3638 | D:5      | Found a hide-covered altar of Uskayaw.
  3641 | D:5      | Found a glowing golden altar of the Shining One.
  3683 | D:5      | Found a shadowy altar of Dithmenos.
  3685 | D:5      | Noticed a water moccasin
  3690 | D:5      | Reached XP level 7. HP: 61/61 MP: 6/6
  3703 | D:5      | Reached skill level 1 in Shields
  3788 | D:5      | Reached skill level 5 in Armour
  3967 | D:5      | Reached skill level 8 in Axes
  3986 | D:5      | Reached XP level 8. HP: 39/70 MP: 7/7
  4159 | D:5      | Reached **** piety under Trog
  4175 | D:5      | Found a basalt altar of Yredelemnul.
  4214 | D:5      | Reached skill level 9 in Axes
  4873 | D:6      | Found a staircase to the Ecumenical Temple.
  4900 | D:6      | Noticed Menkaure
  4914 | D:6      | Killed Menkaure
  4915 | D:6      | Reached skill level 5 in Shields
  4940 | D:6      | Noticed Maggie
  4943 | D:6      | Noticed Edmund
  4957 | D:6      | Killed Maggie
  4958 | D:6      | Reached XP level 9. HP: 50/79 MP: 8/8
  4960 | D:6      | Killed Edmund
  5144 | D:6      | Found a transporter.
  5147 | D:6      | Noticed Tripartite's ghost (amateur DEHs)
  5157 | D:6      | Reached skill level 10 in Axes
  5159 | D:6      | Identified the +4 great mace "Ebbaurun" {flame, Str+2}
  5159 | D:6      | Noticed a two-headed ogre
  5467 | D:6      | Found a transporter.
  5480 | D:6      | Killed Tripartite's ghost
  5481 | D:6      | Killed a two-headed ogre
  5667 | D:7      | Found a flagged portal.
  5678 | Bailey   | Entered a bailey
  5723 | Bailey   | Noticed an orc knight
  5739 | Bailey   | Killed an orc knight
  5740 | Bailey   | Reached skill level 11 in Axes
  5740 | Bailey   | Reached XP level 10. HP: 70/90 MP: 9/9
  6307 | Bailey   | Identified the +10 war axe "Xidot" {heavy, ^Drain +Blink
                  | rPois Dex+2}
  6517 | Bailey   | Found an iron altar of Okawaru.
  6519 | Bailey   | Noticed an orc high priest
  6529 | Bailey   | Killed an orc high priest
  6600 | Bailey   | Noticed an orc knight
  6611 | Bailey   | Killed an orc knight
  6652 | Bailey   | Noticed an orc knight
  6661 | Bailey   | Killed an orc knight
  6662 | Bailey   | Reached skill level 10 in Fighting
  6662 | Bailey   | Reached skill level 12 in Axes
  7327 | D:7      | Acquired the +2 hat of Courage {Rampage}
  7443 | D:7      | Found a shimmering blue altar of Sif Muna.
  8422 | D:8      | Identified the +4 leather armour of the Valley {rN++ Int+3
                  | SInv}
  8522 | D:8      | Reached XP level 11. HP: 97/101 MP: 10/10
  8533 | D:8      | Found a blossoming altar of Fedhas.
  9069 | D:9      | Noticed Grum
  9070 | D:9      | Found an iron altar of Okawaru.
  9114 | D:9      | Killed Grum
  9115 | D:9      | Reached skill level 10 in Armour
  9325 | D:9      | Reached ***** piety under Trog
  9454 | D:9      | Found a white marble altar of Elyvilon.
  9723 | D:9      | Reached skill level 13 in Axes
  9928 | D:9      | Found a staircase to the Lair.
  9943 | D:9      | Found an ancient bone altar of Kikubaaqudgha.
 10126 | D:10     | Entered Level 10 of the Dungeon
 10301 | D:10     | Reached skill level 10 in Shields
 10461 | D:10     | Found a portal to a secret trove of treasure.
 10591 | D:10     | Acquired a manual of Axes
 10911 | D:11     | Found the +0 toga "Victory" {*Victory Clar}
 10977 | D:11     | Noticed Urug
 10984 | D:11     | Killed Urug
 10985 | D:11     | Reached skill level 14 in Axes
 11234 | D:11     | Reached XP level 12. HP: 112/112 MP: 11/11
 11309 | D:11     | Found a staircase to the Orcish Mines.
 11392 | D:11     | Received a gift from Trog
 11784 | D:12     | Noticed a two-headed ogre
 11790 | D:12     | Killed a two-headed ogre
 11791 | D:12     | Reached skill level 15 in Axes
 11884 | D:12     | Found a transporter.
 11895 | D:12     | Noticed jkubb29's ghost (journeyman DsNe)
 11905 | D:12     | Found a transporter.
 11961 | D:12     | Killed jkubb29's ghost
 12565 | D:13     | Noticed a centaur warrior
 12570 | D:13     | Killed a centaur warrior
 12571 | D:13     | Reached skill level 16 in Axes
 12600 | D:13     | Found a gate to the Vaults.
 12600 | D:13     | Noticed a vault guard
 12600 | D:13     | Noticed a vault guard
 12600 | D:13     | Noticed a vault guard
 12600 | D:13     | Noticed a vault guard
 12600 | D:13     | Noticed a vault guard
 12600 | D:13     | Noticed a vault guard
 12601 | D:13     | Noticed a vault guard
 12601 | D:13     | Noticed a vault guard
 12606 | D:13     | Killed a vault guard
 12607 | D:13     | Killed a vault guard
 12611 | D:13     | Killed a vault guard
 12614 | D:13     | Killed a vault guard
 12617 | D:13     | Killed a vault guard
 12620 | D:13     | Killed a vault guard
 12621 | D:13     | Killed a vault guard
 12629 | D:13     | Killed a vault guard
 12630 | D:13     | Reached skill level 17 in Axes
 12773 | D:13     | Reached XP level 13. HP: 85/122 MP: 12/12
 13610 | D:14     | You fall into a shaft and drop 1 floor!
 13610 | D:15     | Entered Level 15 of the Dungeon
 13769 | D:15     | Reached skill level 15 in Shields
 13960 | D:15     | Reached skill level 18 in Axes
 13964 | D:15     | Reached skill level 15 in Fighting
 13967 | D:15     | Received a gift from Trog
 14293 | D:15     | Found a staircase to the Depths.
 14434 | D:15     | Reached XP level 14. HP: 135/135 MP: 13/13
 14475 | D:15     | Noticed a sphinx
 14476 | D:15     | Noticed a storm dragon
 14479 | D:15     | Noticed an iron dragon
 14484 | D:15     | Killed a sphinx
 14491 | D:15     | Killed an iron dragon
 15053 | D:14     | Reached skill level 19 in Axes
 15210 | D:14     | Identified the +3 plate armour of the Griffon {rC- rN+
                  | Int+3}
 15693 | D:11     | Acquired a manual of Fighting
 15852 | Lair:1   | Entered Level 1 of the Lair of Beasts
 16869 | Lair:2   | Received a gift from Trog
 16996 | Lair:2   | Reached skill level 20 in Axes
 17634 | Lair:2   | Found a staircase to the Snake Pit.
 17840 | Lair:2   | Found a staircase to the Swamp.
 18319 | Lair:3   | Found the +8 whip "Snakebite" {venom, curare, rPois}
 18446 | Lair:3   | Noticed Gastronok
 18454 | Lair:3   | Killed Gastronok
 18562 | Lair:3   | Reached XP level 15. HP: 119/146 MP: 14/14
 19061 | Lair:4   | Received a gift from Trog
 19909 | Lair:5   | Entered Level 5 of the Lair of Beasts
 20383 | Lair:5   | Reached skill level 21 in Axes
 20864 | Lair:5   | Found a staircase to the Slime Pits.
 20866 | Lair:5   | Found a viscous altar of Jiyva.
 21199 | Lair:5   | Found a corrupted altar of Lugonu.
 21199 | Lair:5   | Found a one-way gate to the infinite horrors of the Abyss.
 21806 | Orc:1    | Entered Level 1 of the Orcish Mines
 21845 | Orc:1    | Found Jenteduh's Book Boutique.
 22089 | Orc:2    | Entered Level 2 of the Orcish Mines
 22098 | Orc:2    | Received a gift from Trog
 22571 | Orc:2    | Found Usurhuskack's Jewellery Shoppe.
 22577 | Orc:2    | Bought a ring of see invisible for 240 gold pieces
 22602 | Orc:2    | Noticed Azrael
 22611 | Orc:2    | Killed Azrael
 22612 | Orc:2    | Reached XP level 16. HP: 132/159 MP: 15/15
 22723 | Orc:2    | Found a staircase to the Elven Halls.
 22865 | Orc:2    | Found Waja's General Store.
 22884 | Orc:2    | Found Dafinn's Antique Weapon Shoppe.
 22906 | Orc:2    | Found Damyh's Book Emporium.
 23080 | Orc:2    | Found Xuci's Antique Armour Shoppe.
 23452 | Orc:1    | Noticed Jorgrun
 23459 | Orc:1    | Killed Jorgrun
 23692 | Elf:1    | Entered Level 1 of the Elven Halls
 23783 | Elf:1    | Received a gift from Trog
 24082 | Elf:1    | Reached skill level 22 in Axes
 25948 | Elf:2    | Received a gift from Trog
 26059 | Elf:2    | Found a runed translucent gate.
 26060 | Elf:2    | Found a runed translucent gate.
 26063 | Elf:2    | Found a runed translucent gate.
 26064 | Elf:2    | Reached skill level 15 in Armour
 26347 | Elf:2    | Noticed a deep elf blademaster
 26355 | Elf:2    | Killed a deep elf blademaster
 26390 | Elf:2    | Reached ****** piety under Trog
 26401 | Elf:2    | HP: 5/162 [+2 mace of distortion (14)]
 26402 | Elf:2    | Demolished by a +2 triple sword of flaming

Illustrated notes

Levels and vault maps discovered:
D:1:      evilmike_arrival_rings, layout_basic, serial_shops, shop
D:2:      layout_basic
D:3:      layout_basic
D:4:      layout_basic, bloody_makhleb, minmay_crystal_water, uniq_blork_the_orc
D:5:      minmay_chambers_of_threes, layout_rooms, lemuel_round_altar,
          nicolae_overflow_hidden_temple
D:6:      layout_basic, minmay_temple_entry_gardened_gates,
          gammafunk_ghost_smash, uniq_edmund, uniq_menkaure, uniq_maggie
D:7:      layout_layer_cave, lemuel_tele_altar, enter_bailey_3, serial_demonic,
          serial_demonic_g, serial_demonic_g, serial_demonic_b,
          serial_demonic_b, serial_demonic_f, serial_demonic_b
D:8:      layout_basic, fedhas_altar_1, eino_small_chamber_without_monster
D:9:      layout_loops_ring, mainiacjoe_overflow_concentric_impassable,
          mainiacjoe_overflow_24_doors, lemuel_coloured_pillars_altar,
          lair_entry_dummy, minmay_fractal_squares_5, uniq_grum
D:10:     layout_irregular_city, nicolae_trove_entry_free_sample
D:11:     layout_loops_ring, david_orc_1_choice, uniq_urug
D:12:     layout_irregular_city, gammafunk_ghost_stat_death
D:13:     layout_irregular_city, erik_vaults_2, gauntlet_entry_generic
D:14:     layout_gridville, minivault_27
D:15:     grunt_enter_depths_magical_seal, layout_irregular_city,
          dispersion_dpeg
Lair:1:   layout_chaotic_city, minmay_lair_oklob_bushes, serial_bayou_lake_a
Lair:2:   layout_layer_cave, minmay_swamp_entry_worms,
          alex1729_snake_entry_snake, chequers_serial_rivers_large_a,
          beast_lair_carwin_4, infiniplex_staircase_pool_2
Lair:3:   minmay_guarded_unrand_snakebite, layout_small_grid, st_stairs_7,
          hangedman_lair_unloving_vines, dreamdust_gnoll_shepherd,
          uniq_gastronok
Lair:4:   layout_small_grid, grunt_megastairs_2
Lair:5:   hellmonk_lair_end_abyssal_woods, layout_small_grid, slime_entry_1,
          chequers_serial_rivers_marsh, bh_autumn_forest_stairs,
          grunt_megastairs_4, serial_bayou_shore_b
Orc:1:    layout_diamond_mine, serial_shops, nicolae_shop_tiny_statue_garden,
          uniq_jorgrun
Orc:2:    grunt_orc_cross, layout_caves, serial_shops,
          nicolae_shop_tiny_real_fake_doors, basic_altar, uniq_azrael
Elf:1:    layout_loops_corners, minmay_elf_crystal_hexagon
Elf:2:    nicolae_elf_blades_splatter_lattice [infiniplex_blade_entry_pillars],
          layout_loops_cross

Skill      XL: |  1  2  3  4  5  6  7  8  9 10 11 12 13 14 15 16 |
---------------+-------------------------------------------------+-----
Fighting       | 4 5 6 7 8 10 12 13 15 16 18 20 | 20.0
Axes           | 4 5 6 7 8 9 11 12 14 17 18 20 21 22 | 22.7
Armour         | 3 4 5 7 8 9 10 11 13 14 15 | 15.2
Dodging        | 3 |  3.3
Shields        | 2 5 7 8 10 13 15 17 18 19 | 19.8
Throwing       | |  0.3
Stealth        | |  0.2

Action                     |  1- 3 |  4- 6 |  7- 9 | 10-12 | 13-15 | 16-18 || total
---------------------------+-------+-------+-------+-------+-------+-------++-------
  Melee: Hand axe          |   114 |    85 |   242 |       |       |       ||   441
         Headbutt          |    23 |    20 |    49 |    66 |   143 |    32 ||   333
         Punch             |       |       |     4 |       |       |       ||     4
         War axe           |       |       |       |   338 |   643 |   216 ||  1197
  Throw: Boomerang         |       |       |       |       |     1 |     2 ||     3
 Invoke: Trog's Hand       |       |     1 |     4 |     6 |     6 |     7 ||    24
         Berserk           |       |     2 |     4 |     6 |     3 |     2 ||    17
    Use: Scroll            |       |       |    19 |    15 |     3 |     3 ||    40
         Potion            |       |       |       |       |       |     3 ||     3
   Stab: Distracted        |       |       |       |     1 |       |       ||     1
 Armour: Animal skin       |    10 |       |       |       |       |       ||    10
         Chain mail        |    65 |    50 |       |       |       |       ||   115
         Crystal plate arm |       |     5 |   259 |   303 |   534 |   162 ||  1263
  Dodge: Dodged            |    63 |    33 |    44 |    65 |    96 |    27 ||   328
  Block: Other             |       |    15 |    49 |    11 |       |       ||    75
         Reflection        |       |     1 |     1 |    17 |    31 |    17 ||    67
         Kite shield       |       |       |       |   268 |   764 |   229 ||  1261
